 Dungeon Crawl Stone Soup version 0.27.0-1-g7a089689b8 (webtiles) character file.

Game seed: 5593804708686045049

28 horus123 the Skirmisher (level 2, 0/25 HPs)
             Began as a Palentonga Fighter on Aug 1, 2021.
             Was a Follower of Zin.
             Slain by Terence (4 damage)
             ... on level 2 of the Dungeon.
             The game lasted 00:03:00 (870 turns).

horus123 the Skirmisher (Palentonga Fighter)         Turns: 870, Time: 00:03:01

Health: 0/25       AC:  8    Str: 19    XL:     2   Next: 96%
Magic:  2/2        EV:  3    Int:  8    God:    Zin [*.....]
Gold:   36         SH:  8    Dex:  9    Spells: 1/1 levels left

rFire    . . .     SeeInvis +   a - +0 long sword
rCold    . . .     Faith    .   c - +0 kite shield
rNeg     . . .     Spirit   .   g - +0 chain mail
rPois    .         Reflect  .   (no helmet)
rElec    .         Harm     .   (no cloak)
rCorr    .         Rampage  .   (no gloves)
Will     .....                  (no barding)
Stlth    ..........             (no amulet)
HPRegen  0.08/turn              (no ring)
MPRegen  0.08/turn              (no ring)

@: no status effects
A: large, rugged brown scales 3, see invisible, deformed body, roll 1, armoured
tail
a: Rolling Charge, Renounce Religion, Recite, Donate Gold


You were on level 2 of the Dungeon.
You worshipped Zin.
Zin was aware of your devotion.
You visited 1 branch of the dungeon, and saw 2 of its levels.

You collected 39 gold pieces.
You donated 3 gold pieces to Zin.

Inventory:

Hand Weapons
 a - a +0 long sword (weapon)
Armour
 c - a +0 kite shield (worn)
 g - a +0 chain mail (worn)
Scrolls
 b - 2 scrolls of noise {unknown}
 f - a scroll of identify {unknown}
 h - a scroll of teleportation {unknown}
 i - a scroll of immolation {unknown}
Potions
 d - a potion of might
 e - a potion of magic {unknown}
 j - a potion of berserk rage {unknown}


   Skills:
 + Level 3.3 Fighting
 + Level 2.2 Long Blades
 + Level 2.8 Armour
 + Level 2.7 Shields


You had one spell level left.
You didn't know any spells.
Your spell library contained the following spells:

 Spells                   Type           Power      Damage    Failure   Level
 Freeze                   Ice            0%         1d3       100%        1


Dungeon Overview and Level Annotations

Branches:
Dungeon (2/15)

Altars:
Zin

Shops:
D:1 [

Annotations:
D:2 Terence


Innate Abilities, Weirdness & Mutations

You are completely covered in rugged brown scales. (AC +3, +7% HP)
You have supernaturally acute eyesight. (SInv)
Armour fits poorly on your strangely shaped body.
You can roll at nearby foes to attack.
You have a long armoured tail.


Message History

Done exploring.
Done exploring.
(D) Dungeon
Where to? (? - help)
What level of the Dungeon? (default 1, ? - help)
There is a stone staircase leading down here.
You climb downwards.
Found an escape hatch in the ceiling.
There is a stone staircase leading up here.
j - a yellow potion
Found an escape hatch in the floor.
A worm comes into view.
Terence the Incautious comes into view.
He is wielding a +0 mace.
Terence shouts!
The worm bites you.
You hit the worm but do no damage. You block the worm's attack.
You hit the worm.
The worm is moderately wounded.
The worm bites you!
You slash the worm!
The worm is heavily wounded.
Terence hits you but does no damage. The worm bites you.
You are too injured to fight recklessly!
You are too injured to fight recklessly!
You are too injured to fight recklessly!
Unknown command.
You hit Terence.
Terence is moderately wounded.
You block Terence's attack. Terence hits you with a +0 mace.
* * * LOW HITPOINT WARNING * * *
The worm bites you but does no damage.
You hit Terence. You tail-slap Terence.
Terence is severely wounded.
You block Terence's attack.
You closely miss Terence.
Terence is severely wounded.
Terence hits you with a +0 mace.
* * * LOW HITPOINT WARNING * * *
You block the worm's attack. Terence hits you with a +0 mace.
You die...

#. #.# ..# #.. #.#
#># #.# #.# #.#
#.########.. #.#
#....@...... #.#
#...@w......
###.######.######....
#..........# .
#.#.########
#.#.########.
#.#..........
#....######## ####<#
#.#


You could see Terence and a worm.

Vanquished Creatures
  A dart slug (D:1)
  4 ball pythons (D:1)
  2 bats (D:1)
  2 endoplasms (D:1)
  5 giant cockroaches (D:1)
  3 goblins (D:1)
  A hobgoblin (D:1)
  A kobold (D:1)
  A frilled lizard (D:1)
  3 rats (D:1)
23 creatures vanquished.

Vanquished Creatures (others)
  2 fungi (D:1)
2 creatures vanquished.

Grand Total: 25 creatures vanquished

Notes
Turn   | Place    | Note
-------+----------+-------------------------------------------
     0 | D:1      | horus123 the Palentonga Fighter began the quest for the
                  | Orb.
     0 | D:1      | Reached XP level 1. HP: 19/19 MP: 1/1
    29 | D:1      | Reached XP level 2. HP: 10/25 MP: 2/2
   446 | D:1      | Found Akyen's Armour Shop.
   495 | D:1      | Found a faded altar of an unknown god.
   546 | D:1      | Got Plato's Almanac of the Maze
   549 | D:1      | Became a worshipper of Zin the Law-Giver
   549 | D:1      | Reached * piety under Zin
   863 | D:2      | Noticed Terence
   870 | D:2      | Slain by Terence

Illustrated notes

Levels and vault maps discovered:
D:1:      matt_arrival_debris, layout_basic, serial_shops, shop,
          shapermc_ecumenical_altar_rom_forum
D:2:      layout_loops_ring, basic_altar, minmay_misc_feat_rows,
          minmay_goblin_kobold_house, uniq_terence

Action                   || total
-------------------------++-------
Melee: Long sword        ||    56
       Tailslap          ||     2
 Abil: Rolling Charge    ||     3
Armor: Scale mail        ||    34
       Chain mail        ||    16
Dodge: Dodged            ||    16
Block: Kite shield       ||    39
       Rpst.: Long sword ||     5
